 Dungeon Crawl Stone Soup version 0.30.0-10-gfe55d96785 (webtiles) character file.

Game seed: 3288971547153365017

17 McKennaii the Conjurer (level 2, -2/20 HPs)
             Began as a Demigod Conjurer on May 15, 2023.
             Slain by Natasha (4 damage)
             ... on level 2 of the Dungeon.
             The game lasted 00:00:24 (1061 turns).

McKennaii the Conjurer (Demigod Conjurer)           Turns: 1061, Time: 00:00:25

Health: -2/20      AC:  2    Str:  8    XL:     2   Next: 30%
Magic:  1/7        EV: 12    Int: 20    God:
Gold:   70         SH:  0    Dex: 12    Spells: 2/5 levels left

rFire   . . .        (no weapon)
rCold   . . .        (no shield)
rNeg    . . .        a - +0 robe
rPois   .            (no helmet)
rElec   .            (no cloak)
rCorr   .            (no gloves)
SInv    .            (no boots)
Will    .....        (no amulet)
Stlth   ++           (no ring)
HPRegen 0.23/turn    (no ring)
MPRegen 0.10/turn

%: no passive effects
@: no status effects
A: high MP 1, forlorn, divine attributes
a: no special abilities


You were on level 2 of the Dungeon.
You visited 1 branch of the dungeon, and saw 2 of its levels.

You collected 70 gold pieces.

Inventory:

Armour
 a - a +0 robe (worn)
Scrolls
 f - a scroll of identify {unknown}
Potions
 b - a potion of magic
 c - a potion of brilliance {unknown}
 d - a potion of mutation {unknown}
 e - 2 potions of flight {unknown}
 g - a potion of invisibility {unknown}
 h - a potion of ambrosia {unknown}


   Skills:
 - Level 1.7 Dodging
 - Level 1.7 Stealth
 + Level 2.2 Spellcasting
 + Level 3.9 Conjurations


You had 2 spell levels left.
You knew the following spells:

 Your Spells              Type           Power      Damage    Failure   Level
a - Magic Dart            Conj           72%        1d6       3%          1
b - Searing Ray           Conj           36%        2d5       4%          2

Your spell library contained the following spells:

 Spells                   Type           Power      Damage    Failure   Level
 Dazzling Flash           Conj/Hex       20%        N/A       21%         3
 Fulminant Prism          Conj/Hex       5%         3d7       56%         4
 Iskenderun's Mystic Bla  Conj/Tloc      10%        2d4       56%         4


Dungeon Overview and Level Annotations

Branches:
Dungeon (2/15)

Annotations:
D:2 Natasha


Innate Abilities, Weirdness & Mutations

You have an increased reservoir of magic. (+10% MP)
You shall have no god before yourself.
Your divine heritage dramatically boosts your attributes as you level up.


Message History

The magic dart hits Natasha.
Natasha is moderately wounded.
Natasha is nearby!
The magic dart hits Natasha but does no damage.
Natasha is moderately wounded.
Natasha is nearby!
The magic dart hits Natasha.
Natasha is heavily wounded.
Natasha claws you!
A frilled lizard comes into view.
There are monsters nearby!
The magic dart hits Natasha.
Natasha is severely wounded.
The frilled lizard hisses angrily.
Natasha closely misses you.
There are monsters nearby!
The magic dart hits Natasha but does no damage.
Natasha is severely wounded.
Natasha claws you but does no damage.
There are monsters nearby!
You are out of magic!
There are monsters nearby!
You are out of magic!
You are out of magic!
You closely miss Natasha.
Natasha is severely wounded.
Natasha casts a spell at you. The magic dart hits you!
* * * LOW HITPOINT WARNING * * *
You barely miss Natasha.
Natasha is severely wounded.
Natasha claws you.
* * * LOW HITPOINT WARNING * * *
Casting: Magic Dart (safe; 3% risk of failure)
Confirm with . or Enter, or press ? or * to list all spells.
You don't have enough magic to cast this spell.
You hit Natasha but do no damage.
Natasha is severely wounded.
Natasha claws you.
You die...

#.. #.# ###.####<#
........#
......##.#######
#..)#.##........
...†.....[######
.........########.
...#......@h.l.)..
..........#######.
......_...#
..........#
..........#
#####...#.#
##..#.# ##.#)#


You could see Natasha and a frilled lizard.

Vanquished Creatures
  2 endoplasms (D:1)
  A giant cockroach (D:1)
  A goblin (D:1)
  2 hobgoblins (D:1)
  4 kobolds
  A quokka (D:1)
  2 ball pythons (D:1)
  A bat (D:1)
  A rat (D:2)
15 creatures vanquished.

Notes
Turn   | Place    | Note
-------+----------+-------------------------------------------
     0 | D:1      | McKennaii the Demigod Conjurer began the quest for the Orb.
     0 | D:1      | Reached XP level 1. HP: 14/14 MP: 5/5
   585 | D:1      | Reached XP level 2. HP: 20/20 MP: 3/7
  1007 | D:1      | Learned a level 2 spell: Searing Ray
  1051 | D:2      | Noticed Natasha
  1061 | D:2      | Slain by Natasha

Illustrated notes

Levels and vault maps discovered:
D:1:      eino_arrival_tree_alley, layout_loops_ring,
          nicolae_concentric_dashed_squares_wild
D:2:      layout_loops_ring, basic_altar, chequers_serial_rivers_large_b,
          minmay_pentomino_u4, uniq_natasha

Skill      XL: |  1 |
---------------+----+-----
Spellcasting   | 2 |  2.2
Dodging        | |  1.7
Stealth        | |  1.7
Conjurations   | |  3.9

Action                     || total
---------------------------++-------
  Melee: Unarmed           ||     3
   Cast: Magic Dart        ||    46
 Armour: Robe              ||     2
  Dodge: Dodged            ||     5
